AoeStats
← Pipin

Nomad

509939342Analyzed
4v4 RM · 5d ago on Sep 28, 2026· 49m 21s· 8 players
Game mode
Random Map
Map size
231×231
Population
200
Speed
Normal
Resources
Standard
Victory
Conquest
Starting age
Dark Age
Ending age
Imperial Age
RankedLock teamsTeams togetherTeam positionsShared explorationLock speedFull tech treeHidden civsTurbo modeCheats
Victory
Defeat
🇩🇪 Italians · Germany
1536
+10
🇩🇪 Danes · Germany
1510
+10
🇩🇪 Saxons · Germany
1465
+12
🇩🇪 Persians · Germany
1448
+13
🇦🇷 Khitans · Argentina
1408
-12
🇦🇷 Maya · Argentina
1382
-11
🇺🇸 Dravidians · United States
1376
-11
🇧🇷 Wu · Brazil
1366
-11
[KoA]M4GNO
5:21 Loom
13:05 Feudal Age
15:40 Double-Bit Axe
16:09 Domestication
16:19 Loom
21:59 Scale Barding Armor
22:05 Forging
23:28 Fletching
31:13 Castle Age
32:05 Bodkin Arrow
32:10 Padded Archer Armor
32:58 Elite Skirmisher
33:49 Light Cavalry
34:56 Leather Archer Armor
SirT_Maji
6:20 Loom
13:39 Feudal Age
14:43 Double-Bit Axe
22:13 Castle Age
20:17 Fletching
21:31 Padded Archer Armor
21:49 Gold Mining
23:17 Bodkin Arrow
23:35 Medium Warships
24:17 Bow Saw
27:13 Fishing Lines
28:28 Ballistics
29:19 Leather Archer Armor
35:27 Imperial Age
34:08 Elite Skirmisher
35:11 Stone Mining
37:13 Bracer
38:51 Pikeman
PocaChota
10:18 Loom
13:20 Feudal Age
14:05 Double-Bit Axe
18:54 Castle Age
19:06 Loom
19:50 Medium Warships
33:31 Sanctity
BiGy
4:56 Loom
12:04 Feudal Age
12:41 Gold Mining
12:33 Fishing Lines
13:18 Double-Bit Axe
15:52 Forging
20:25 Castle Age
19:37 Fletching
21:17 Bow Saw
21:19 Medium Warships
21:07 Bodkin Arrow
21:50 Iron Casting
23:21 Wheelbarrow
23:09 Stone Mining
23:39 Horse Collar
24:25 Ballistics
26:23 Careening
26:24 Clinker Construction
31:54 Imperial Age
31:31 Padded Archer Armor
31:54 Medical Corps
32:31 Leather Archer Armor
32:34 Thumb Ring
32:47 Bracer
33:49 Chemistry
32:52 Husbandry
35:23 Two-Man Saw
35:15 Ring Archer Armor
35:23 Conscription
36:30 Town Watch
37:01 Hand Cart
38:10 Elite Elephant Archer
41:08 Murder Holes
41:24 Masonry
41:01 Arrowslits
44:44 Hoardings
Barca4life
8:44 Loom
12:12 Feudal Age
12:38 Double-Bit Axe
22:30 Castle Age
34:39 Town Watch
37:10 Horse Collar
39:12 Bow Saw
44:55 Wheelbarrow
44:38 Heavy Plow
46:21 Hand Cart
49:47 Gold Mining
Raphael
9:07 Loom
13:40 Feudal Age
14:57 Double-Bit Axe
14:54 Horse Collar
17:42 Castle Age
17:27 Wheelbarrow
18:52 Heavy Plow
21:09 Fletching
21:27 Town Watch
28:11 Gold Mining
31:36 Bodkin Arrow
37:21 Scale Mail Armor
37:32 Forging
42:37 Imperial Age
40:49 Town Patrol
41:25 Wheelbarrow
41:51 Chain Mail Armor
43:22 Iron Casting
45:28 Plate Mail Armor
46:17 Bow Saw
45:35 Elite Hearth Troop
46:37 Conscription
47:29 Hand Cart
46:48 Shield Wall
49:53 Crop Rotation
50:01 Bracer
chrizbee
4:59 Loom
11:45 Feudal Age
15:50 Castle Age
15:04 Double-Bit Axe
16:47 Medium Warships
16:18 Fishing Lines
17:28 Forging
18:42 Gillnets
22:29 Bow Saw
26:02 Horse Collar
26:15 Gold Mining
26:16 Stone Mining
28:12 Wheelbarrow
27:22 Town Watch
32:00 Imperial Age
29:43 Clinker Construction
30:56 Careening
31:35 Hamask
32:16 Scale Mail Armor
33:02 Gold Shaft Mining
32:32 Arson
32:49 Squires
32:35 Gambesons
32:17 Elite Jomsviking
33:23 Conscription
34:17 Hand Cart
34:03 Town Patrol
35:08 Iron Casting
34:49 Chain Mail Armor
34:40 Horse Collar
36:08 Plate Mail Armor
39:06 Blast Furnace
40:23 Fletching
40:39 Scale Barding Armor
41:20 Heavy Warships
40:16 Elite Longship
40:21 Elite Varangian Guard
40:22 Pikeman
40:22 Man-at-Arms
41:29 Bodkin Arrow
41:55 Chain Barding Armor
41:36 Padded Archer Armor
Pipin
4:38 Loom
13:45 Feudal Age
14:39 Double-Bit Axe
14:36 Fishing Lines
18:07 Castle Age
19:23 Gillnets
21:48 Masonry
22:09 Horse Collar
23:52 Bow Saw
23:48 Fletching
24:44 Bodkin Arrow
29:20 Imperial Age
27:25 Padded Archer Armor
27:46 Ballistics
27:49 Gold Mining
27:50 Stone Mining
28:24 Sanctity
30:05 Bracer
31:06 Chemistry
31:44 Thumb Ring
32:32 Coinage
33:01 Leather Archer Armor
33:11 Conscription
33:45 Elite Genoese Crossbowman
36:42 Ring Archer Armor
36:18 Scale Barding Armor
36:25 Bloodlines
36:15 Husbandry
36:14 Light Cavalry
38:03 Forging
37:46 Hussar
39:24 Chain Barding Armor
40:06 Heavy Plow
40:48 Wheelbarrow
41:33 Iron Casting
41:35 Plate Barding Armor
43:51 Blast Furnace
43:38 Pirotechnia
44:08 Stone Shaft Mining
44:33 Two-Man Saw
44:04 Crop Rotation
47:16 Silk Road
47:22 Bombard Tower
Connection lost

Rejoining the realm…

Still unreachable

The connection could not be restored.

Session expired

The server has moved on; the page needs a fresh start.